AoeStats
← SpeedyVroomster

Runestones

507790247Analyzed
1v1 RM · 11d ago on Sep 19, 2026· 85m 11s· 2 players
Game mode
Random Map
Map size
Tiny (2 player)
Population
200
Speed
Normal
Resources
Standard
Victory
Conquest
Starting age
Dark Age
Ending age
Imperial Age
RankedLock teamsTeams togetherTeam positionsShared explorationLock speedFull tech treeHidden civsTurbo modeCheats
Victory
Defeat
🇩🇪 Mongols · Germany
658
+12
🇺🇸 Tatars · United States
568
-12
SpeedyVroomster
0:39 Loom
11:56 Feudal Age
17:53 Padded Archer Armor
17:44 Fletching
23:12 Bloodlines
25:30 Castle Age
26:51 Husbandry
26:58 Pikeman
29:38 Wheelbarrow
29:41 Squires
33:22 Murder Holes
36:41 Leather Archer Armor
36:32 Scale Barding Armor
36:38 Forging
38:30 Ballistics
46:46 Imperial Age
48:12 Halberdier
51:02 Chemistry
51:04 Heavy Camel Rider
58:14 Elite Keshik
60:53 Onager
62:21 Scale Mail Armor
62:21 Bodkin Arrow
63:51 Bombard Tower
63:11 Capped Ram
70:36 Timurid Siegecraft
80:12 Masonry
shoti_gung
5:28 Loom
11:08 Feudal Age
14:33 Bloodlines
16:31 Castle Age
15:06 Horse Collar
15:13 Double-Bit Axe
15:31 Gold Mining
17:44 Wheelbarrow
18:07 Gold Shaft Mining
19:05 Bow Saw
19:18 Fervor
21:01 Stone Mining
23:29 Hand Cart
24:14 Town Watch
25:56 Town Patrol
26:41 Heavy Plow
27:14 Bloodlines
29:22 Stone Shaft Mining
28:58 Husbandry
28:56 Fletching
29:44 Light Cavalry
31:55 Thumb Ring
31:53 Padded Archer Armor
31:46 Elite Skirmisher
37:07 Bodkin Arrow
39:10 Leather Archer Armor
39:06 Forging
43:04 Imperial Age
42:20 Scale Barding Armor
42:50 Iron Casting
42:52 Masonry
43:03 Ballistics
44:03 Chain Barding Armor
45:10 Chemistry
50:35 Conscription
53:18 Hoardings
53:32 Bracer
54:46 Drill
55:55 Elite Mangudai
62:37 Parthian Tactics
62:18 Onager
62:22 Heavy Scorpion
62:42 Capped Ram
68:56 Siege Onager
68:58 Siege Ram
Connection lost

Rejoining the realm…

Still unreachable

The connection could not be restored.

Session expired

The server has moved on; the page needs a fresh start.